 Dungeon Crawl Stone Soup version 0.23.2-1-ga50397a (webtiles) character file.

Game seed: 9979987600109183024

10019 whitewolfNL the Basher (level 11, -9/99 HPs)
             Began as a Minotaur Berserker on May 25, 2019.
             Was a High Priest of Trog.
             Killed from afar by a manticore (17 damage)
             ... with a volley of spikes
             ... on level 11 of the Dungeon.
             The game lasted 00:39:40 (8988 turns).

whitewolfNL the Basher (Minotaur Berserker)         Turns: 8988, Time: 00:39:42

Health: -9/99      AC: 19    Str: 22    XL:     11   Next: 30%
Magic:  13/13      EV:  7    Int:  4    God:    Trog [*****.]
Gold:   255        SH:  0    Dex: 13    Spells: 10/10 levels left

rFire    + + .     SeeInvis +   K - +1 flail (freeze)
rCold    . . .     Gourm    .   (no shield)
rNeg     . . .     Faith    .   F - +0 gold dragon scales
rPois    +         Spirit   .   (helmet restricted)
rElec    .         Reflect  .   (no cloak)
rCorr    .         Harm     .   B - +1 pair of gloves
MR       .....                  (no boots)
Stlth    ..........             x - amulet of Dishonesty {RegenMP SInv Stlth+}
HPRegen  0.26/turn              L - ring of fire
MPRegen  0.38/turn              (no ring)

@: barbed spikes, berserk cooldown
A: retaliatory headbutt, horns 2
a: Berserk, Trog's Hand, Brothers in Arms, Renounce Religion


You were on level 11 of the Dungeon.
You worshipped Trog.
Trog was extremely pleased with you.
You were very hungry.

You visited 2 branches of the dungeon, and saw 12 of its levels.

You collected 673 gold pieces.
You spent 418 gold pieces at shops.

Inventory:

Hand Weapons
 q - a +0 hunting sling
 K - a +1 flail of freezing (weapon)
 N - a +0 longbow
Missiles
 i - 179 arrows
 o - 43 sling bullets
 p - 62 bolts
 I - 2 tomahawks (quivered)
Armour
 f - a +0 buckler
 B - a +1 pair of gloves (worn)
 F - +0 gold dragon scales (worn)
 P - a +0 shield
Jewellery
 l - an uncursed amulet of the acrobat
 x - the amulet of Dishonesty (around neck) {RegenMP SInv Stlth+}
   (You found it on level 5 of the Dungeon)

   [amulet of magic regeneration]

   It increases your magic regeneration.
   It lets you see invisible.
   It makes you more stealthy.
 L - a ring of fire (left hand)
Wands
 r - a wand of iceblast (7)
 w - a wand of digging (8)
 J - a wand of scattershot (7)
 Q - a wand of paralysis (7)
Scrolls
 e - a scroll of fear {unknown}
 g - 10 scrolls of identify
 m - 4 scrolls of random uselessness {unknown}
 t - 6 scrolls of remove curse
Potions
 a - 2 potions of invisibility {unknown}
 u - 2 potions of might {unknown}
Comestibles
 c - 17 rations


   Skills:
 + Level 10.0 Fighting
 * Level 12.5 Maces & Flails
 - Level 4.0 Throwing
 + Level 9.0 Armour
 + Level 8.2 Dodging
 + Level 3.3 Shields
 - Level 4.0 Evocations


You had 10 spell levels left.
You didn't know any spells.
Your spell library was empty.

Dungeon Overview and Level Annotations

Branches:
Dungeon (11/15)            Temple (1/1) D:4            Lair (0/6) D:10
    Orc: D:9-12

Altars:
Ashenzari
Cheibriados
Dithmenos
Elyvilon
Fedhas
Gozag
Hepliaklqana
Kikubaaqudgha
Makhleb
Nemelex Xobeh
Okawaru
Qazlal
Ru
Sif Muna
Trog
Uskayaw
Vehumet
Wu Jian
Xom
Yredelemnul
Zin
The Shining One

Shops:
D:4 !   D:6 (   D:7 !?   D:9 !

Annotations:
D:9 flagged portal
D:10 Lair


Innate Abilities, Weirdness & Mutations

You reflexively headbutt those who attack you in melee.
You have a pair of horns on your head.


Message History

The hound zombie bites you but does no damage.
The hound zombie bites you.
* * * LOW HITPOINT WARNING * * *
The rakshasa hits you from afar with a +0 trident.
* * * LOW HITPOINT WARNING * * *
The rakshasa blinks!
Your surroundings suddenly seem different.
A manticore comes into view.
The manticore flicks its tail.
The volley of spikes hits you but does no damage.
Aiming: Iceblast
Press: ? - help, Shift-Dir - straight line, f - manticore
Aim: a manticore The mass of ice explodes!
The iceblast engulfs the manticore.
The manticore is lightly wounded.
You feel yourself speed up.
The manticore flicks its tail.
The volley of spikes hits you!
The barbed spikes become lodged in your body.
You die...

..... ..#
.....####..#
...........#
.........H.#
...........#
...........#
...........#
.......@...#
###+##.....#
#.###.# #. #
#. #. ##


You could see a manticore.

Vanquished Creatures
  A centaur warrior (D:10)
  An unseen horror (D:10)
  A deep elf mage (D:10)
  A cyclops (D:10)
  An elephant (D:10)
  The ghost of Borgoz the Chopper, a novice MiMo of Okawaru (D:5)
  A tengu conjurer (D:10)
  4 hippogriffs
  A redback (D:11)
  A vampire (D:10)
  A wraith (D:10)
  6 yaks (D:9)
  A basilisk (D:10)
  2 sky beasts
  3 black bears
  3 orc warriors
  A black bear (shapeshifter) (D:11)
  An eye of draining (D:7)
  An ice beast (D:2)
  2 phantoms
  A centaur (D:7)
  5 ogres
  4 necrophages (D:8)
  A big kobold (D:7)
  A crocodile (D:10)
  8 bullfrogs
  A wyvern zombie (D:9)
  2 scorpions
  3 killer bees (D:7)
  13 wights
  4 howler monkeys
  An electric eel (D:8)
  5 crimson imps
  A quasit (D:10)
  2 orc priests (D:5)
  5 hounds
  4 jellies
  A centaur skeleton (D:10)
  6 orc wizards
  Natasha (thrice) (D:3)
  4 iguanas
  4 worker ants
  2 hound skeletons
  3 mummies (D:8)
  13 adders
  3 gnolls (D:5)
  3 shadow imps
  2 oozes
  An adder zombie (D:5)
  3 worms
  2 adder skeletons
  6 leopard geckos
  29 orcs
  5 giant cockroaches
  4 goblins
  4 hobgoblins
  3 quokkas
  9 bats
  5 frilled lizards
  A jackal skeleton (D:4)
  10 kobolds
  A leopard gecko skeleton (D:4)
  7 rats
229 creatures vanquished.

Notes
Turn   | Place    | Note
-------+----------+-------------------------------------------
     0 | D:1      | whitewolfNL the Minotaur Berserker began the quest for the
                  | Orb.
     0 | D:1      | Reached XP level 1. HP: 19/19 MP: 0/0
   287 | D:1      | Reached XP level 2. HP: 27/27 MP: 1/1
   318 | D:1      | Reached skill level 4 in Maces & Flails
   770 | D:2      | Found a stormy altar of Qazlal.
   908 | D:2      | Reached XP level 3. HP: 24/33 MP: 2/2
   996 | D:2      | Found a faded altar of an unknown god.
  1018 | D:2      | Reached skill level 1 in Throwing
  1116 | D:2      | Reached ** piety under Trog
  1142 | D:2      | Reached XP level 4. HP: 31/41 MP: 3/3
  1228 | D:2      | Noticed an ice beast
  1241 | D:2      | Killed an ice beast
  1241 | D:2      | Reached XP level 5. HP: 46/47 MP: 4/4
  1345 | D:2      | Found an iron altar of Okawaru.
  1433 | D:2      | Noticed a +0 hand axe
  1433 | D:2      | Noticed a +0 hand axe
  1435 | D:2      | Found a hide-covered altar of Uskayaw.
  1501 | D:2      | Found a bloodstained altar of Trog.
  1700 | D:3      | Reached skill level 5 in Fighting
  1700 | D:3      | Reached skill level 5 in Maces & Flails
  1842 | D:3      | Noticed Natasha
  1853 | D:3      | Killed Natasha
  1855 | D:3      | Found an iron altar of Okawaru.
  1869 | D:3      | Noticed Natasha
  1878 | D:3      | Killed Natasha
  1931 | D:3      | Noticed Natasha
  1940 | D:3      | Killed Natasha
  1940 | D:3      | Reached XP level 6. HP: 26/56 MP: 5/5
  2189 | D:3      | Found a deep blue altar of Sif Muna.
  2613 | D:4      | Found a staircase to the Ecumenical Temple.
  2627 | Temple   | Entered the Ecumenical Temple
  2910 | D:4      | Reached skill level 1 in Evocations
  2910 | D:4      | Reached XP level 7. HP: 62/62 MP: 6/6
  2974 | D:4      | Reached *** piety under Trog
  2974 | D:4      | Reached skill level 6 in Maces & Flails
  2995 | D:4      | Found Ziorevic's Distillery.
  3024 | D:4      | Bought a potion of curing for 30 gold pieces
  3024 | D:4      | Bought a potion of lignification for 30 gold pieces
  3024 | D:4      | Bought a potion of flight for 30 gold pieces
  3191 | D:5      | Entered Level 5 of the Dungeon
  3238 | D:5      | Found a hazy altar of Hepliaklqana.
  3242 | D:5      | Found a large runed translucent door.
  3243 | D:5      | Found a large runed translucent door.
  3281 | D:5      | Found a deep blue altar of Sif Muna.
  3324 | D:5      | Noticed Borgoz's ghost (novice MiMo)
  3474 | D:5      | Got a scorched jade amulet
  3486 | D:5      | Reached skill level 7 in Maces & Flails
  3486 | D:5      | Reached XP level 8. HP: 45/70 MP: 8/8
  3852 | D:5      | Found a white marble altar of Elyvilon.
  3983 | D:5      | Killed Borgoz's ghost
  3983 | D:5      | Reached skill level 5 in Armour
  3993 | D:5      | Identified the amulet of Dishonesty {RegenMP SInv Stlth+}
                  | (You found it on level 5 of the Dungeon)
  4149 | D:6      | Found Mavvalaz's Antique Weapon Emporium.
  4198 | D:6      | Found a white marble altar of Elyvilon.
  4543 | D:6      | Found a glowing silver altar of Zin.
  4694 | D:6      | Reached **** piety under Trog
  4694 | D:6      | Reached skill level 8 in Maces & Flails
  4766 | D:7      | Reached skill level 5 in Dodging
  4948 | D:7      | Reached XP level 9. HP: 68/79 MP: 10/10
  4997 | D:7      | Found Olephes's Distillery.
  5006 | D:7      | Found Xied's Magic Scroll Shoppe.
  5224 | D:7      | Bought a scroll of teleportation for 39 gold pieces
  5224 | D:7      | Bought a scroll of identify for 26 gold pieces
  5224 | D:7      | Bought a scroll of noise for 13 gold pieces
  5224 | D:7      | Bought a scroll of enchant weapon for 97 gold pieces
  5224 | D:7      | Bought a scroll of identify for 26 gold pieces
  5224 | D:7      | Bought a scroll of fog for 26 gold pieces
  5224 | D:7      | Bought a scroll of identify for 26 gold pieces
  5229 | D:7      | Bought a potion of heal wounds for 75 gold pieces
  5330 | D:7      | Reached skill level 9 in Maces & Flails
  5753 | D:8      | Reached ***** piety under Trog
  5838 | D:8      | Reached skill level 10 in Maces & Flails
  5942 | D:8      | Reached XP level 10. HP: 60/89 MP: 12/12
  6346 | D:8      | Received a gift from Trog
  6469 | D:8      | Found a glowing golden altar of the Shining One.
  6522 | D:8      | Found a radiant altar of Vehumet.
  6751 | D:9      | Found Fomyju Ufino's Distillery.
  6751 | D:9      | Found a flagged portal.
  6910 | D:9      | Found an opulent altar of Gozag.
  7218 | D:9      | Found a sacrificial altar of Ru.
  7335 | D:9      | Found a sparkling altar of Nemelex Xobeh.
  7378 | D:9      | Reached skill level 11 in Maces & Flails
  7740 | D:10     | Entered Level 10 of the Dungeon
  7931 | D:10     | Noticed a centaur warrior
  7945 | D:10     | Killed a centaur warrior
  7945 | D:10     | Reached skill level 1 in Shields
  8016 | D:10     | Noticed an elephant
  8017 | D:10     | Found a staircase to the Lair.
  8027 | D:10     | Reached skill level 12 in Maces & Flails
  8031 | D:10     | Killed an elephant
  8031 | D:10     | Reached XP level 11. HP: 96/96 MP: 13/13
  8328 | D:10     | Noticed an unseen horror
  8345 | D:10     | Killed an unseen horror
  8513 | D:11     | Found the +8 demon blade "Leech" {vamp, rN+ AC-3 EV-3}
  8513 | D:11     | Noticed a rakshasa
  8514 | D:11     | Noticed a deep elf mage
  8578 | D:10     | Killed a deep elf mage
  8957 | D:11     | Reached skill level 10 in Fighting
  8979 | D:11     | HP: 4/99 [rakshasa (illusionary)/+0 trident (5)]
  8983 | D:11     | HP: 1/99 [rakshasa/+0 trident (7)]
  8988 | D:11     | Killed from afar by a manticore

Skill      XL: |  1  2  3  4  5  6  7  8  9 10 11 |
---------------+----------------------------------+-----
Maces & Flails | 4 5 7 8 10 12 | 12.5
Fighting       | 4 5 6 7 8 9 10 | 10.0
Throwing       | 1 2 3 4 |  4.0
Armour         | 3 4 5 7 8 9 |  9.0
Dodging        | 3 4 5 6 7 8 |  8.2
Evocations     | 1 2 3 4 |  4.0
Shields        | 2 3 |  3.3

Action                   |  1- 3 |  4- 6 |  7- 9 | 10-12 || total
-------------------------+-------+-------+-------+-------++-------
Melee: Mace              |    55 |    94 |       |       ||   149
       Headbutt          |    12 |    20 |    69 |    57 ||   158
       Flail             |       |    35 |   285 |   272 ||   592
Throw: Stone             |       |       |     2 |       ||     2
Invok: Berserk           |       |     2 |    12 |     7 ||    21
Evoke: Wand              |       |       |       |     2 ||     2
  Use: Scroll            |       |       |     3 |     4 ||     7
       Potion            |       |       |     1 |     8 ||     9
 Stab: Sleeping          |     1 |       |       |       ||     1
  Eat: Chunk             |     1 |     6 |    17 |     9 ||    33
       Ration            |       |       |     1 |     2 ||     3
Armor: Ring mail         |    18 |     6 |       |       ||    24
       Animal skin       |     1 |       |       |       ||     1
       Scale mail        |       |    14 |       |       ||    14
       Chain mail        |       |    13 |    28 |       ||    41
       Plate armour      |       |       |    44 |       ||    44
       Gold dragon scale |       |       |   132 |   262 ||   394
Dodge: Dodged            |    51 |    94 |   135 |   115 ||   395
